Map: Orbital Shipyard

Players

Caveman

  • Race: Zerg Zerg
  • League: Master

FightingFrog

  • Race: Protoss Protoss
  • League: Master

VOD

Have the link to the VOD?

Description

Time

  • Played on: Dec. 20, 2015, 11:56 a.m.
  • Length: 37:03
Show
View Real Time Build Order
Export as new Build Order

Caveman Zerg 

Build Orders: Hatch First 

Get SALT Encoding   

  1  0:00  Lair, Overlord  
  12  0:01  Drone x12  
  12  0:14  Drone  
  13  0:24  Drone  
  14  0:28  Extractor  
  14  0:29  Drone  
  15  0:37  Overlord  
  15  0:58  Hatchery  
  15  1:00  Drone  
  15  1:04  Drone  
  15  1:09  Drone  
  17  1:14  Extractor  
  16  1:25  Spawning Pool  
  15  1:28  Drone  
  15  1:31  Drone  
  17  1:36  Drone  
  18  1:43  Drone  
  19  1:54  Drone  
  20  2:04  Overlord  
  20  2:11  Queen x2  
  24  2:16  Metabolic Boost  
  24  2:20  Zergling x2  
  25  2:23  Drone  
  25  2:26  Drone  
  27  2:31  Drone  
  27  2:34  Drone  
  29  2:38  Drone  
  29  2:43  Drone  
  31  2:52  Hatchery  
  31  2:54  Zergling x2  
  31  3:02  Evolution Chamber  
  31  3:03  Zergling x2  
  31  3:04  Zergling x2  
  32  3:07  Overlord  
  32  3:14  Overlord  
  32  3:17  Zergling x2  
  33  3:22  Zergling x6  
  36  3:28  Zergling x4  
  36  3:33  Zergling x2, Zerg Melee Weapons Level 1  
  39  3:41  Zergling x2  
  39  3:42  Zergling x4  
  40  3:56  Queen  
  40  3:58  Overlord  
  41  4:05  Drone x5  
  45  4:13  Drone x3  
  45  4:28  Drone x4  
  45  4:29  Zerg Flyer Weapons Level 3, Protoss Ground Weapons Level 3, Zerg Melee Weapons Level 3, Zerg Flyer Armor Level 3, Zerg Ground Armor Level 3, Terran Vehicle Armor Level 3, Protoss Shields Level 3, Terran Infantry Weapons Level 3, Terran Infantry Armor Level 3, Protoss Ground Armor Level 3, Zerg Missile Weapons Level 3, Protoss Air Weapons Level 3, Protoss Air Armor Level 3, Drone x2, Terran Vehicle Weapons Level 3, Terran Ship Armor Level 3, Terran Ship Weapons Level 3  
  51  4:37  Lair  
  48  4:42  Drone x5  
  53  4:50  Terran Ship Armor Level 2, Protoss Air Armor Level 2, Protoss Ground Weapons Level 2, Protoss Air Weapons Level 2, Terran Ship Weapons Level 2, Zerg Flyer Weapons Level 2, Extractor, Protoss Ground Armor Level 2, Terran Infantry Weapons Level 2, Terran Vehicle Weapons Level 2, Zerg Ground Armor Level 2, Zerg Missile Weapons Level 2, Zerg Melee Weapons Level 2, Zerg Flyer Armor Level 2, Terran Infantry Armor Level 2, Terran Vehicle Armor Level 2, Protoss Shields Level 2  
  53  4:51  Drone x3, Extractor  
  54  4:56  Drone x2  
  56  5:03  Drone x2  
  56  5:05  Stimpack, Blink  
  58  5:09  Drone x4  
  58  5:10  Roach Warren  
  58  5:12  Terran Infantry Armor Level 1, Zerg Melee Weapons Level 1, Protoss Ground Armor Level 1, Protoss Ground Weapons Level 1, Terran Infantry Weapons Level 1, Protoss Shields Level 1, Protoss Air Weapons Level 1, Terran Ship Weapons Level 1, Zerg Missile Weapons Level 1, Terran Ship Armor Level 1, Warp Gate, Zerg Flyer Weapons Level 1, Protoss Air Armor Level 1, Zerg Flyer Armor Level 1, Zerg Ground Armor Level 1, Terran Vehicle Armor Level 1, Terran Vehicle Weapons Level 1  
  61  5:19  Extractor  
  61  5:20  Drone x6  
  66  5:22  Overlord  
  66  5:26  Extended Thermal Lance, Building Armor, Charge, Overlord  
  66  5:33  Ventral Sacs, Adrenal Glands  
  66  5:39  Enduring Locusts  
  66  5:40  Personal Cloaking  
  66  5:41  Drone x8  
  74  5:46  Psionic Storm  
  74  5:47  Centrifical Hooks, Chitinous Plating, Combat Shields, Durable Materials, Glial Reconstitution, Infernal Pre-Igniter, Metabolic Boost, Cloaking Field, Tunneling Claws, Neosteel Frame, Corvid Reactor, Neural Parasite  
  74  5:49  Roach x4  
  81  5:52  Overlord  
  81  5:53  Extractor  
  81  5:55  Burrow, Extractor, Muscular Augments x2  
  79  6:02  Roach  
  79  6:04  Overlord x2  
  81  6:09  Caduceus Reactor, Pathogen Glands, Gravitic Drive, Graviton Catapult, Moebius Reactor, Hi-Sec Auto Tracking, Observer Gravitic Boosters, Behemoth Reactor  
  81  6:10  Ravager x2  
  83  6:14  Ravager  
  83  6:15  Ravager  
  85  6:19  Zergling x8  
  85  6:21  Overlord  
  85  6:23  Pneumatized Carapace, Concussive Shells, Weapon Refit  
  89  6:26  Zergling x2  
  89  6:27  Zergling x10  
  89  6:31  Overseer  
  95  6:34  Zergling x2  
  95  6:35  Zergling x10  
  96  6:46  Zergling x6  
  82  7:00  Lair  
  73  7:06  Unknown x5  
    7:39  Overlord  
    7:45  Drone x12  
  12  7:58  Drone  
  13  8:06  Drone  
  14  8:12  Extractor  
  14  8:13  Drone  
  14  8:19  Overlord  
  15  8:43  Hatchery  
  15  8:45  Drone  
  15  8:48  Drone  
  16  8:52  Drone  
  17  8:59  Extractor  
  16  9:08  Spawning Pool  
  15  9:11  Drone  
  15  9:15  Drone  
  17  9:21  Drone  
  18  9:28  Drone  
  19  9:38  Drone  
  20  9:49  Overlord  
  20  9:55  Queen  
  20  9:56  Queen  
  24  10:01  Metabolic Boost  
  24  10:05  Zergling x2  
  25  10:08  Drone  
  25  10:13  Drone  
  27  10:15  Drone  
  27  10:18  Drone  
  29  10:23  Drone  
  30  10:29  Drone  
  31  10:39  Hatchery  
  30  10:45  Evolution Chamber  
  30  10:48  Zergling x4  
  31  10:51  Zergling x4  
  31  10:56  Overlord  
  33  11:03  Zergling x2  
  33  11:04  Zergling x4  
  36  11:11  Zerg Melee Weapons Level 1  
  36  11:13  Overlord  
  36  11:16  Zergling x2  
  37  11:20  Zergling x2  
  37  11:25  Zergling x4  
  40  11:30  Queen  
  42  11:35  Drone  
  42  11:36  Drone  
  44  11:41  Drone x2  
  45  11:49  Drone x3  
  46  11:54  Zerg Flyer Weapons Level 3, Protoss Ground Weapons Level 3, Zerg Melee Weapons Level 3, Zerg Flyer Armor Level 3, Zerg Ground Armor Level 3, Terran Vehicle Armor Level 3, Protoss Shields Level 3, Terran Infantry Weapons Level 3, Terran Infantry Armor Level 3, Protoss Ground Armor Level 3, Zerg Missile Weapons Level 3, Protoss Air Weapons Level 3, Protoss Air Armor Level 3, Terran Vehicle Weapons Level 3, Terran Ship Armor Level 3, Terran Ship Weapons Level 3  
  46  11:59  Drone x4  
  50  12:05  Drone x3  
  50  12:12  Lair  
  50  12:14  Drone x2  
  48  12:15  Terran Ship Armor Level 2, Protoss Air Armor Level 2, Protoss Ground Weapons Level 2, Protoss Air Weapons Level 2, Terran Ship Weapons Level 2, Zerg Flyer Weapons Level 2, Protoss Ground Armor Level 2, Terran Infantry Weapons Level 2, Terran Vehicle Weapons Level 2, Zerg Ground Armor Level 2, Zerg Missile Weapons Level 2, Zerg Melee Weapons Level 2, Zerg Flyer Armor Level 2, Terran Infantry Armor Level 2, Terran Vehicle Armor Level 2, Protoss Shields Level 2  
  48  12:22  Drone x5  
  51  12:29  Extractor  
  50  12:30  Blink, Stimpack, Extractor  
  50  12:32  Drone x3  
  52  12:37  Terran Infantry Armor Level 1, Zerg Melee Weapons Level 1, Protoss Ground Armor Level 1, Protoss Ground Weapons Level 1, Terran Infantry Weapons Level 1, Protoss Shields Level 1, Protoss Air Weapons Level 1, Terran Ship Weapons Level 1, Zerg Missile Weapons Level 1, Terran Ship Armor Level 1, Warp Gate, Zerg Flyer Weapons Level 1, Protoss Air Armor Level 1, Zerg Flyer Armor Level 1, Zerg Ground Armor Level 1, Terran Vehicle Armor Level 1, Terran Vehicle Weapons Level 1  
  52  12:38  Drone x3  
  52  12:42  Drone x3  
  58  12:45  Overlord  
  58  12:46  Roach Warren  
  58  12:49  Drone  
  58  12:50  Extractor  
  57  12:51  Extended Thermal Lance, Building Armor, Charge  
  57  12:55  Overlord  
  57  12:58  Ventral Sacs, Adrenal Glands  
  57  13:02  Overlord  
  57  13:04  Drone x7, Enduring Locusts  
  64  13:05  Personal Cloaking  
  64  13:11  Psionic Storm  
  64  13:12  Centrifical Hooks, Chitinous Plating, Combat Shields, Durable Materials, Glial Reconstitution, Infernal Pre-Igniter, Metabolic Boost, Cloaking Field, Tunneling Claws, Neosteel Frame, Corvid Reactor, Neural Parasite  
  64  13:15  Zergling x12  
  70  13:20  Burrow, Muscular Augments x2  
  70  13:23  Spire, Extractor x2  
  70  13:24  Drone x3  
  70  13:25  Drone x3  
  73  13:30  Roach  
  75  13:34  Caduceus Reactor, Pathogen Glands, Gravitic Drive, Graviton Catapult, Moebius Reactor, Hi-Sec Auto Tracking, Observer Gravitic Boosters, Behemoth Reactor  
  75  13:35  Roach x2  
  79  13:42  Overseer  
  79  13:44  Roach  
  79  13:46  Overlord x5  
  79  13:48  Pneumatized Carapace, Concussive Shells, Weapon Refit  
  79  13:51  Ravager  
  81  13:55  Ravager  
  81  14:04  Ravager  
  81  14:06  Zergling x4  
  81  14:07  Zergling x12  
  83  14:21  Ravager  
  73  14:31  Unknown x5  
    14:57  Overlord  
    15:03  Drone x12  
    15:15  Unknown  
    15:17  Drone  
  13  15:24  Drone  
  14  15:31  Drone, Extractor  
  15  15:37  Overlord  
  15  16:01  Hatchery  
  15  16:03  Drone  
  15  16:06  Drone  
  15  16:10  Drone  
  17  16:17  Extractor  
  16  16:26  Spawning Pool  
  16  16:30  Drone  
  16  16:33  Drone  
  16  16:37  Drone  
  18  16:46  Drone  
  19  16:57  Drone  
  20  17:07  Overlord  
  20  17:13  Queen x2  
  24  17:17  Zergling x2  
  24  17:21  Metabolic Boost  
  25  17:24  Drone  
  25  17:29  Drone  
  27  17:31  Drone  
  28  17:38  Drone  
  28  17:41  Drone  
  30  17:46  Drone  
  31  17:55  Hatchery  
  30  17:58  Evolution Chamber  
  30  18:03  Zergling x4  
  30  18:05  Zergling x2  
  32  18:10  Overlord  
  33  18:20  Zergling x4  
  33  18:26  Zergling x4  
  35  18:27  Overlord  
  35  18:30  Zerg Melee Weapons Level 1  
  35  18:33  Zergling x2  
  36  18:37  Zergling x2  
  36  18:38  Zergling x2  
  38  18:41  Zergling x2  
  38  18:47  Queen  
  41  18:50  Zergling x2  
  39  19:12  Zergling x18  
  46  19:23  Overlord  
  46  19:28  Roach Warren  
  46  19:30  Drone x2  
  47  19:37  Drone x3  
  47  20:01  Drone x10  
  51  20:09  Zerg Flyer Weapons Level 3, Protoss Ground Weapons Level 3, Zerg Melee Weapons Level 3, Zerg Flyer Armor Level 3, Zerg Ground Armor Level 3, Terran Vehicle Armor Level 3, Protoss Shields Level 3, Terran Infantry Weapons Level 3, Terran Infantry Armor Level 3, Protoss Ground Armor Level 3, Zerg Missile Weapons Level 3, Protoss Air Weapons Level 3, Protoss Air Armor Level 3, Terran Vehicle Weapons Level 3, Terran Ship Armor Level 3, Terran Ship Weapons Level 3  
  47  20:21  Roach x6  
  57  20:23  Roach  
  57  20:25  Roach  
  63  20:30  Terran Ship Armor Level 2, Protoss Air Armor Level 2, Protoss Ground Weapons Level 2, Protoss Air Weapons Level 2, Terran Ship Weapons Level 2, Zerg Flyer Weapons Level 2, Protoss Ground Armor Level 2, Terran Infantry Weapons Level 2, Terran Vehicle Weapons Level 2, Zerg Ground Armor Level 2, Zerg Missile Weapons Level 2, Zerg Melee Weapons Level 2, Zerg Flyer Armor Level 2, Terran Infantry Armor Level 2, Terran Vehicle Armor Level 2, Protoss Shields Level 2  
  63  20:31  Overlord  
  64  20:35  Zergling x4  
  64  20:39  Extractor  
  63  20:44  Overlord  
  63  20:45  Stimpack, Blink  
  63  20:48  Ravager  
  63  20:49  Ravager  
  65  20:50  Zergling x2  
  65  20:51  Zergling x16  
  65  20:52  Terran Infantry Armor Level 1, Zerg Melee Weapons Level 1, Protoss Ground Armor Level 1, Protoss Ground Weapons Level 1, Terran Infantry Weapons Level 1, Protoss Shields Level 1, Protoss Air Weapons Level 1, Terran Ship Weapons Level 1, Zerg Missile Weapons Level 1, Terran Ship Armor Level 1, Warp Gate, Zerg Flyer Weapons Level 1, Protoss Air Armor Level 1, Zerg Flyer Armor Level 1, Zerg Ground Armor Level 1, Terran Vehicle Armor Level 1, Terran Vehicle Weapons Level 1  
  74  21:06  Extended Thermal Lance, Building Armor, Charge, Zergling x16  
  74  21:08  Overlord  
  81  21:13  Ventral Sacs, Adrenal Glands  
  76  21:19  Enduring Locusts  
  76  21:20  Personal Cloaking  
  74  21:26  Psionic Storm  
  74  21:27  Centrifical Hooks, Chitinous Plating, Combat Shields, Durable Materials, Glial Reconstitution, Infernal Pre-Igniter, Metabolic Boost, Cloaking Field, Tunneling Claws, Neosteel Frame, Corvid Reactor, Neural Parasite  
  74  21:30  Drone x8  
  82  21:35  Burrow, Muscular Augments x2  
  82  21:49  Caduceus Reactor, Pathogen Glands, Gravitic Drive, Graviton Catapult, Moebius Reactor, Hi-Sec Auto Tracking, Observer Gravitic Boosters, Behemoth Reactor  
  82  21:53  Drone x6  
  83  22:00  Extractor  
  82  22:03  Pneumatized Carapace, Concussive Shells, Weapon Refit  
  79  22:11  Drone x10  
  87  22:22  Extractor  
  86  22:23  Extractor  
  86  22:28  Drone x4, Extractor  
  86  22:38  Lair  
  80  22:46  Unknown x5  
    23:17  Overlord  
    23:23  Drone x12  
    23:36  Drone  
  13  23:43  Drone  
  14  23:50  Extractor  
  14  23:51  Drone  
  15  23:59  Overlord  
  15  24:21  Hatchery  
  15  24:22  Drone  
  15  24:26  Drone  
  15  24:30  Drone  
  17  24:37  Extractor  
  16  24:46  Spawning Pool  
  16  24:49  Drone  
  16  24:52  Drone  
  17  24:55  Drone  
  18  25:05  Drone  
  19  25:16  Drone  
  20  25:26  Overlord  
  20  25:34  Queen x2  
  24  25:38  Metabolic Boost  
  24  25:40  Zergling x2  
  25  25:44  Drone  
  25  25:46  Drone  
  25  25:49  Drone  
  28  25:55  Drone  
  29  26:04  Drone  
  29  26:06  Drone  
  31  26:15  Hatchery  
  31  26:18  Evolution Chamber  
  29  26:21  Zergling x4  
  29  26:23  Zergling x2  
  32  26:26  Zergling x2  
  33  26:36  Overlord  
  33  26:41  Drone  
  33  26:43  Drone x2  
  36  26:50  Overlord  
  36  26:52  Zerg Melee Weapons Level 1  
  36  26:55  Zergling x2  
  36  26:56  Zergling x4  
  36  27:00  Zergling x2  
  36  27:01  Zergling x2  
  40  27:06  Queen  
  42  27:09  Zergling x2  
  42  27:11  Zergling x2  
  44  27:17  Zergling x2  
  45  27:23  Zergling x8  
  45  27:26  Overlord  
  44  27:45  Drone x7  
  50  28:01  Drone x5  
  50  28:02  Drone, Roach Warren  
  53  28:14  Drone x5  
  53  28:19  Extractor  
  57  28:20  Drone x2  
  57  28:22  Overlord  
  57  28:25  Zerg Flyer Weapons Level 3, Protoss Ground Weapons Level 3, Zerg Melee Weapons Level 3, Zerg Flyer Armor Level 3, Zerg Ground Armor Level 3, Terran Vehicle Armor Level 3, Protoss Shields Level 3, Terran Infantry Weapons Level 3, Terran Infantry Armor Level 3, Protoss Ground Armor Level 3, Zerg Missile Weapons Level 3, Protoss Air Weapons Level 3, Protoss Air Armor Level 3, Terran Vehicle Weapons Level 3, Terran Ship Armor Level 3, Terran Ship Weapons Level 3  
  57  28:36  Drone x5  
  57  28:37  Drone x3  
  57  28:38  Overlord  
  65  28:46  Terran Ship Armor Level 2, Protoss Air Armor Level 2, Protoss Ground Weapons Level 2, Protoss Air Weapons Level 2, Terran Ship Weapons Level 2, Zerg Flyer Weapons Level 2, Protoss Ground Armor Level 2, Terran Infantry Weapons Level 2, Terran Vehicle Weapons Level 2, Zerg Ground Armor Level 2, Zerg Missile Weapons Level 2, Zerg Melee Weapons Level 2, Zerg Flyer Armor Level 2, Terran Infantry Armor Level 2, Terran Vehicle Armor Level 2, Protoss Shields Level 2  
  65  28:51  Roach x3  
  65  28:53  Roach  
  73  28:57  Overlord  
  73  28:59  Roach  
  73  29:00  Roach  
  73  29:01  Stimpack, Blink  
  76  29:08  Terran Infantry Armor Level 1, Zerg Melee Weapons Level 1, Protoss Ground Armor Level 1, Protoss Ground Weapons Level 1, Terran Infantry Weapons Level 1, Protoss Shields Level 1, Protoss Air Weapons Level 1, Terran Ship Weapons Level 1, Zerg Missile Weapons Level 1, Terran Ship Armor Level 1, Warp Gate, Zerg Flyer Weapons Level 1, Protoss Air Armor Level 1, Zerg Flyer Armor Level 1, Zerg Ground Armor Level 1, Terran Vehicle Armor Level 1, Terran Vehicle Weapons Level 1  
  75  29:12  Ravager x3  
  78  29:18  Drone x9, Extractor  
  78  29:19  Extractor  
  78  29:20  Lair  
  78  29:22  Extended Thermal Lance, Building Armor, Charge  
  85  29:29  Ventral Sacs, Adrenal Glands, Zergling x8  
  88  29:35  Enduring Locusts  
  88  29:36  Personal Cloaking  
  88  29:39  Spine Crawler  
  88  29:42  Psionic Storm  
  88  29:43  Centrifical Hooks, Chitinous Plating, Combat Shields, Durable Materials, Glial Reconstitution, Infernal Pre-Igniter, Metabolic Boost, Cloaking Field, Tunneling Claws, Neosteel Frame, Corvid Reactor, Neural Parasite  
  87  29:47  Zergling x6  
  87  29:49  Overlord x4  
  87  29:51  Burrow, Muscular Augments x2  
  90  29:54  Hatchery  
  89  30:00  Extractor  
  89  30:01  Extractor  
  89  30:05  Caduceus Reactor, Pathogen Glands, Gravitic Drive, Graviton Catapult, Moebius Reactor, Hi-Sec Auto Tracking, Observer Gravitic Boosters, Behemoth Reactor  
  87  30:12  Drone x3  
  87  30:13  Drone x2  
  87  30:14  Drone  
  93  30:16  Roach x4  
  93  30:19  Pneumatized Carapace, Concussive Shells, Weapon Refit  
  100  30:21  Ravager x3  
  100  30:23  Roach x3  
  100  30:24  Hatchery  
  99  30:36  Roach x7  
  112  30:47  Spine Crawler  
  107  30:51  Ravager x3  
  112  31:02  Unknown x5  
    31:17  Overlord  
    31:22  Drone x12  
    31:35  Unknown  
    31:36  Drone  
  13  31:43  Drone  
  14  31:50  Extractor  
  14  31:51  Drone  
  15  31:59  Overlord  
  15  32:19  Hatchery  
  15  32:22  Drone  
  15  32:26  Drone  
  16  32:30  Drone  
  17  32:37  Extractor  
  16  32:46  Spawning Pool  
  16  32:50  Drone  
  16  32:52  Drone  
  16  32:56  Drone  
  19  33:05  Drone  
  19  33:16  Drone  
  20  33:20  Zerg Flyer Weapons Level 3, Protoss Ground Weapons Level 3, Zerg Melee Weapons Level 3, Zerg Flyer Armor Level 3, Zerg Ground Armor Level 3, Terran Vehicle Armor Level 3, Protoss Shields Level 3, Terran Infantry Weapons Level 3, Terran Infantry Armor Level 3, Protoss Ground Armor Level 3, Zerg Missile Weapons Level 3, Protoss Air Weapons Level 3, Protoss Air Armor Level 3, Terran Vehicle Weapons Level 3, Terran Ship Armor Level 3, Terran Ship Weapons Level 3  
  20  33:26  Overlord  
  20  33:32  Queen  
  20  33:33  Queen  
  24  33:37  Metabolic Boost  
  24  33:40  Zergling x2  
  24  33:41  Terran Ship Armor Level 2, Protoss Air Armor Level 2, Protoss Ground Weapons Level 2, Protoss Air Weapons Level 2, Terran Ship Weapons Level 2, Zerg Flyer Weapons Level 2, Protoss Ground Armor Level 2, Terran Infantry Weapons Level 2, Terran Vehicle Weapons Level 2, Zerg Ground Armor Level 2, Zerg Missile Weapons Level 2, Zerg Melee Weapons Level 2, Zerg Flyer Armor Level 2, Terran Infantry Armor Level 2, Terran Vehicle Armor Level 2, Protoss Shields Level 2  
  25  33:44  Drone  
  25  33:47  Drone  
  27  33:50  Drone  
  27  33:53  Drone  
  29  33:56  Stimpack, Blink  
  29  34:03  Terran Infantry Armor Level 1, Zerg Melee Weapons Level 1, Protoss Ground Armor Level 1, Protoss Ground Weapons Level 1, Terran Infantry Weapons Level 1, Protoss Shields Level 1, Protoss Air Weapons Level 1, Terran Ship Weapons Level 1, Zerg Missile Weapons Level 1, Terran Ship Armor Level 1, Warp Gate, Zerg Flyer Weapons Level 1, Protoss Air Armor Level 1, Zerg Flyer Armor Level 1, Zerg Ground Armor Level 1, Terran Vehicle Armor Level 1, Terran Vehicle Weapons Level 1  
  29  34:05  Drone x2  
  31  34:17  Hatchery, Extended Thermal Lance, Building Armor, Charge  
  31  34:21  Evolution Chamber  
  31  34:23  Zergling x4  
  31  34:24  Ventral Sacs, Adrenal Glands  
  31  34:25  Zergling x2  
  31  34:29  Overlord  
  31  34:30  Enduring Locusts  
  31  34:31  Personal Cloaking  
  32  34:34  Zergling x2  
  32  34:37  Psionic Storm  
  32  34:38  Centrifical Hooks, Chitinous Plating, Combat Shields, Durable Materials, Glial Reconstitution, Infernal Pre-Igniter, Metabolic Boost, Cloaking Field, Tunneling Claws, Neosteel Frame, Corvid Reactor, Neural Parasite  
  33  34:40  Zergling x2  
  33  34:45  Zergling x4  
  36  34:46  Burrow, Muscular Augments x2  
  36  34:49  Overlord  
  36  34:51  Zergling x2  
  37  34:54  Zergling x2  
  38  35:00  Caduceus Reactor, Pathogen Glands, Gravitic Drive, Graviton Catapult, Zergling x4, Moebius Reactor, Hi-Sec Auto Tracking, Observer Gravitic Boosters, Behemoth Reactor  
  38  35:05  Queen  
  42  35:14  Pneumatized Carapace, Concussive Shells, Weapon Refit  
  37  35:29  Drone x9  
  43  35:49  Extractor  
  42  35:50  Extractor  
  42  35:52  Extractor  
  42  35:57  Unknown x5  
Show
View Real Time Build Order
Export as new Build Order

FightingFrog Protoss 

Build Orders: 1 Gate Expand 

Get SALT Encoding   

  12  0:02  Probe x12 (Chrono Boost)  
    0:13  Unknown  
  13  0:14  Probe (Chrono Boost)  
  13  0:25  Probe (Chrono Boost)  
  14  0:31  Pylon  
  14  0:35  Probe (Chrono Boost)  
  15  0:49  Probe (Chrono Boost)  
  16  0:50  Gateway  
  16  0:55  Assimilator  
  16  1:00  Probe (Chrono Boost)  
  17  1:10  Probe (Chrono Boost)  
  18  1:21  Probe (Chrono Boost)  
  19  1:31  Probe (Chrono Boost)  
  20  1:35  Nexus  
  20  1:42  Probe (Chrono Boost)  
  20  1:44  Assimilator  
  21  1:50  Pylon  
  21  1:53  Probe (Chrono Boost)  
  22  2:04  Cybernetics Core, Probe (Chrono Boost)  
  23  2:15  Probe (Chrono Boost)  
  24  2:25  Probe (Chrono Boost)  
  25  2:36  Probe (Chrono Boost)  
  26  2:40  Adept  
  26  2:41  Warp Gate  
  28  2:47  Mothership Core (Chrono Boost), Probe (Chrono Boost)  
  31  2:57  Probe (Chrono Boost)  
  32  3:05  Probe (Chrono Boost)  
  33  3:06  Nexus  
  33  3:08  Probe (Chrono Boost)  
  33  3:11  Sentry (Chrono Boost)  
  36  3:17  Pylon  
  36  3:18  Probe (Chrono Boost)  
  36  3:19  Probe (Chrono Boost)  
  38  3:29  Probe  
  38  3:31  Probe  
  38  3:33  Pylon  
  40  3:36  Sentry (Chrono Boost)  
  40  3:39  Gateway  
  42  3:41  Probe  
  42  3:44  Probe  
  44  3:50  Pylon  
  44  3:51  Probe  
  45  3:58  Pylon  
  45  4:01  Pylon  
  45  4:02  Probe  
  46  4:04  Probe, Pylon  
  46  4:09  Sentry (Chrono Boost)  
  48  4:13  Robotics Facility  
  48  4:14  Probe x2  
  50  4:25  Probe  
  50  4:26  Probe  
  50  4:29  Zerg Flyer Weapons Level 3, Protoss Ground Weapons Level 3, Zerg Melee Weapons Level 3, Zerg Flyer Armor Level 3, Zerg Ground Armor Level 3, Terran Vehicle Armor Level 3, Protoss Shields Level 3, Terran Infantry Weapons Level 3, Terran Infantry Armor Level 3, Protoss Ground Armor Level 3, Zerg Missile Weapons Level 3, Protoss Air Weapons Level 3, Protoss Air Armor Level 3, Terran Vehicle Weapons Level 3, Terran Ship Armor Level 3, Terran Ship Weapons Level 3  
  52  4:35  Probe  
  53  4:38  Probe  
  53  4:42  Pylon  
  54  4:46  Probe  
  54  4:49  Gateway  
  54  4:50  Terran Ship Armor Level 2, Protoss Air Armor Level 2, Protoss Ground Weapons Level 2, Protoss Air Weapons Level 2, Terran Ship Weapons Level 2, Probe, Zerg Flyer Weapons Level 2, Protoss Ground Armor Level 2, Terran Infantry Weapons Level 2, Terran Vehicle Weapons Level 2, Zerg Ground Armor Level 2, Zerg Missile Weapons Level 2, Zerg Melee Weapons Level 2, Zerg Flyer Armor Level 2, Terran Infantry Armor Level 2, Terran Vehicle Armor Level 2, Protoss Shields Level 2  
  54  4:52  Gateway  
  56  4:53  Gateway  
  56  4:54  Gateway  
  56  4:58  Gateway  
  56  4:59  Warp Prism (Chrono Boost)  
  59  5:01  Gateway  
  59  5:03  Probe  
  59  5:04  Pylon  
  59  5:05  Stimpack, Blink  
  60  5:09  Assimilator  
  60  5:12  Terran Infantry Armor Level 1, Zerg Melee Weapons Level 1, Protoss Ground Armor Level 1, Protoss Ground Weapons Level 1, Gateway x2, Terran Infantry Weapons Level 1, Protoss Shields Level 1, Protoss Air Weapons Level 1, Terran Ship Weapons Level 1, Zerg Missile Weapons Level 1, Terran Ship Armor Level 1, Warp Gate, Zerg Flyer Weapons Level 1, Protoss Air Armor Level 1, Zerg Flyer Armor Level 1, Zerg Ground Armor Level 1, Terran Vehicle Armor Level 1, Terran Vehicle Weapons Level 1  
  59  5:15  Assimilator  
  59  5:19  Sentry x2  
  63  5:25  Probe  
  63  5:26  Extended Thermal Lance, Building Armor, Charge, Probe  
  65  5:32  Pylon  
  65  5:33  Ventral Sacs, Adrenal Glands  
  65  5:35  Nexus  
  65  5:37  Pylon  
  65  5:38  Observer (Chrono Boost)  
  65  5:39  Enduring Locusts  
  65  5:40  Personal Cloaking  
  66  5:46  Psionic Storm  
  66  5:47  Centrifical Hooks, Chitinous Plating, Combat Shields, Durable Materials, Glial Reconstitution, Infernal Pre-Igniter, Metabolic Boost, Cloaking Field, Tunneling Claws, Neosteel Frame, Corvid Reactor, Neural Parasite  
  65  5:55  Burrow, Muscular Augments x2  
  65  5:56  Pylon  
  65  5:57  Pylon  
  65  5:59  Pylon  
  65  6:01  Adept  
  65  6:02  Adept x6, Pylon  
  65  6:03  Sentry  
  81  6:09  Caduceus Reactor, Pathogen Glands, Gravitic Drive, Graviton Catapult, Moebius Reactor, Hi-Sec Auto Tracking, Observer Gravitic Boosters, Behemoth Reactor  
  81  6:13  Pylon  
  81  6:14  Pylon  
  81  6:23  Sentry x2, Stalker x2, Pneumatized Carapace, Concussive Shells, Weapon Refit  
  81  6:24  Stalker x2  
  93  6:27  Stalker  
  93  6:50  Stalker x3  
  93  6:51  Stalker x3  
  103  7:06  Unknown x5  
    7:45  Probe x12  
    7:57  Unknown  
    7:58  Probe  
  13  8:08  Probe  
  14  8:15  Pylon  
  14  8:19  Probe  
  15  8:32  Probe  
  16  8:34  Gateway  
  16  8:39  Assimilator  
  16  8:42  Probe  
  17  8:53  Probe  
  18  9:03  Probe  
  19  9:14  Probe  
  20  9:19  Nexus  
  20  9:24  Probe  
  20  9:28  Assimilator  
  21  9:34  Pylon  
  21  9:35  Probe  
  22  9:45  Probe  
  22  9:50  Cybernetics Core  
  23  9:56  Probe  
  24  10:07  Probe  
  25  10:17  Probe  
  26  10:26  Adept (Chrono Boost)  
  26  10:27  Mothership Core, Warp Gate  
  28  10:30  Probe  
  31  10:42  Probe  
  32  10:45  Nexus  
  32  10:47  Probe  
  33  10:52  Sentry (Chrono Boost)  
  33  10:55  Probe  
  36  10:57  Probe  
  36  11:01  Pylon  
  37  11:06  Pylon  
  37  11:08  Probe x2  
  39  11:15  Sentry (Chrono Boost)  
  41  11:19  Probe  
  41  11:20  Probe  
  43  11:28  Robotics Facility  
  43  11:29  Probe  
  44  11:33  Probe  
  44  11:38  Sentry (Chrono Boost)  
  47  11:40  Probe  
  47  11:45  Probe  
  49  11:48  Gateway  
  49  11:49  Pylon  
  49  11:50  Probe  
  50  11:54  Zerg Flyer Weapons Level 3, Protoss Ground Weapons Level 3, Zerg Melee Weapons Level 3, Zerg Flyer Armor Level 3, Zerg Ground Armor Level 3, Terran Vehicle Armor Level 3, Protoss Shields Level 3, Terran Infantry Weapons Level 3, Terran Infantry Armor Level 3, Protoss Ground Armor Level 3, Zerg Missile Weapons Level 3, Protoss Air Weapons Level 3, Protoss Air Armor Level 3, Terran Vehicle Weapons Level 3, Terran Ship Armor Level 3, Terran Ship Weapons Level 3  
  50  11:55  Probe  
  50  11:56  Assimilator  
  50  11:57  Probe  
  50  12:01  Probe  
  54  12:09  Probe  
  54  12:11  Probe  
  55  12:15  Terran Ship Armor Level 2, Protoss Air Armor Level 2, Protoss Ground Weapons Level 2, Protoss Air Weapons Level 2, Terran Ship Weapons Level 2, Zerg Flyer Weapons Level 2, Protoss Ground Armor Level 2, Terran Infantry Weapons Level 2, Terran Vehicle Weapons Level 2, Zerg Ground Armor Level 2, Zerg Missile Weapons Level 2, Zerg Melee Weapons Level 2, Zerg Flyer Armor Level 2, Terran Infantry Armor Level 2, Terran Vehicle Armor Level 2, Protoss Shields Level 2  
  55  12:21  Probe, Nexus  
  55  12:22  Probe  
  55  12:26  Warp Prism (Chrono Boost)  
  58  12:30  Stimpack, Blink  
  58  12:31  Assimilator  
  58  12:32  Probe  
  58  12:33  Probe  
  60  12:37  Terran Infantry Armor Level 1, Zerg Melee Weapons Level 1, Protoss Ground Armor Level 1, Protoss Ground Weapons Level 1, Terran Infantry Weapons Level 1, Protoss Shields Level 1, Protoss Air Weapons Level 1, Terran Ship Weapons Level 1, Zerg Missile Weapons Level 1, Terran Ship Armor Level 1, Warp Gate, Zerg Flyer Weapons Level 1, Protoss Air Armor Level 1, Zerg Flyer Armor Level 1, Zerg Ground Armor Level 1, Terran Vehicle Armor Level 1, Terran Vehicle Weapons Level 1  
  60  12:39  Gateway x2  
  60  12:42  Pylon  
  60  12:43  Probe  
  60  12:45  Probe  
  60  12:48  Sentry x2  
  66  12:51  Extended Thermal Lance, Building Armor, Charge  
  66  12:56  Gateway  
  66  12:57  Gateway  
  66  12:58  Ventral Sacs, Adrenal Glands  
  66  12:59  Gateway  
  66  13:01  Observer (Chrono Boost)  
  66  13:04  Enduring Locusts  
  67  13:05  Personal Cloaking  
  67  13:06  Gateway  
  67  13:11  Gateway, Psionic Storm  
  67  13:12  Centrifical Hooks, Chitinous Plating, Combat Shields, Durable Materials, Glial Reconstitution, Infernal Pre-Igniter, Metabolic Boost, Cloaking Field, Tunneling Claws, Neosteel Frame, Corvid Reactor, Neural Parasite  
  67  13:13  Gateway  
  67  13:17  Pylon  
  67  13:18  Probe  
  67  13:20  Probe, Muscular Augments x2, Burrow  
  67  13:27  Sentry x2  
  73  13:32  Pylon  
  73  13:34  Caduceus Reactor, Pathogen Glands, Gravitic Drive, Graviton Catapult, Moebius Reactor, Hi-Sec Auto Tracking, Observer Gravitic Boosters, Behemoth Reactor  
  73  13:35  Twilight Council  
  73  13:42  Adept x2  
  77  13:48  Pneumatized Carapace, Concussive Shells, Weapon Refit  
  77  13:50  Adept x2  
  81  13:56  Pylon  
  81  13:57  Pylon  
  81  14:04  Adept x2  
  85  14:12  Adept  
  85  14:13  Adept x5  
  93  14:31  Unknown x5  
    15:03  Probe x12  
    15:15  Probe, Unknown  
  13  15:25  Probe  
  14  15:33  Pylon  
  14  15:36  Probe  
  15  15:50  Probe  
  15  15:55  Gateway  
  16  16:00  Probe  
  16  16:03  Assimilator  
  17  16:11  Probe  
  18  16:21  Probe  
  19  16:32  Probe  
  19  16:37  Nexus  
  20  16:42  Probe  
  20  16:45  Assimilator  
  21  16:51  Pylon  
  21  16:53  Probe  
  22  17:03  Probe  
  23  17:09  Cybernetics Core  
  23  17:14  Probe  
  24  17:24  Probe  
  25  17:35  Probe  
  26  17:46  Mothership Core, Adept (Chrono Boost), Warp Gate  
  26  17:48  Probe  
  31  17:59  Probe  
  32  18:06  Nexus  
  32  18:07  Probe  
  32  18:09  Probe  
  34  18:17  Pylon  
  34  18:20  Pylon  
  34  18:21  Probe  
  34  18:23  Sentry (Chrono Boost)  
  34  18:24  Probe  
  38  18:33  Probe, Pylon  
  39  18:35  Probe  
  40  18:45  Probe  
  40  18:46  Sentry (Chrono Boost)  
  43  18:49  Probe, Robotics Facility  
  44  18:58  Probe  
  45  19:07  Probe  
  45  19:09  Sentry (Chrono Boost)  
  48  19:10  Probe  
  48  19:14  Gateway  
  49  19:17  Probe x2  
  49  19:22  Probe  
  52  19:28  Probe x2  
  54  19:31  Gateway  
  54  19:32  Sentry (Chrono Boost)  
  54  19:34  Gateway  
  54  19:35  Gateway  
  56  19:38  Probe  
  56  19:40  Pylon  
  56  19:44  Warp Prism (Chrono Boost)  
  59  19:48  Probe  
  59  19:50  Probe  
  59  19:51  Probe  
  61  19:57  Pylon  
  61  19:59  Probe  
  61  20:02  Pylon  
  61  20:04  Probe  
  64  20:09  Zerg Flyer Weapons Level 3, Protoss Ground Weapons Level 3, Zerg Melee Weapons Level 3, Zerg Flyer Armor Level 3, Zerg Ground Armor Level 3, Terran Vehicle Armor Level 3, Protoss Shields Level 3, Terran Infantry Weapons Level 3, Terran Infantry Armor Level 3, Protoss Ground Armor Level 3, Zerg Missile Weapons Level 3, Protoss Air Weapons Level 3, Protoss Air Armor Level 3, Terran Vehicle Weapons Level 3, Terran Ship Armor Level 3, Terran Ship Weapons Level 3  
  64  20:10  Probe  
  64  20:16  Probe  
  64  20:17  Nexus  
  64  20:20  Probe  
  65  20:22  Pylon  
  65  20:25  Pylon  
  65  20:27  Gateway  
  66  20:30  Terran Ship Armor Level 2, Protoss Air Armor Level 2, Protoss Ground Weapons Level 2, Protoss Air Weapons Level 2, Terran Ship Weapons Level 2, Zerg Flyer Weapons Level 2, Protoss Ground Armor Level 2, Terran Infantry Weapons Level 2, Terran Vehicle Weapons Level 2, Zerg Ground Armor Level 2, Zerg Missile Weapons Level 2, Zerg Melee Weapons Level 2, Zerg Flyer Armor Level 2, Terran Infantry Armor Level 2, Terran Vehicle Armor Level 2, Protoss Shields Level 2  
  66  20:31  Gateway  
  66  20:36  Sentry x2  
  66  20:37  Sentry  
  72  20:45  Stimpack, Blink  
  72  20:46  Gateway, Pylon  
  72  20:47  Observer (Chrono Boost), Pylon  
  72  20:48  Gateway  
  73  20:52  Terran Infantry Armor Level 1, Zerg Melee Weapons Level 1, Protoss Ground Armor Level 1, Protoss Ground Weapons Level 1, Terran Infantry Weapons Level 1, Protoss Shields Level 1, Protoss Air Weapons Level 1, Terran Ship Weapons Level 1, Zerg Missile Weapons Level 1, Terran Ship Armor Level 1, Warp Gate, Zerg Flyer Weapons Level 1, Protoss Air Armor Level 1, Zerg Flyer Armor Level 1, Zerg Ground Armor Level 1, Terran Vehicle Armor Level 1, Terran Vehicle Weapons Level 1  
  73  20:57  Stalker x2  
  73  21:03  Pylon, Assimilator  
  75  21:06  Extended Thermal Lance, Building Armor, Charge  
  75  21:07  Sentry, Stalker, Assimilator  
  79  21:13  Ventral Sacs, Adrenal Glands  
  73  21:19  Enduring Locusts  
  73  21:20  Personal Cloaking  
  73  21:21  Probe  
  73  21:22  Probe  
  73  21:24  Gateway  
  73  21:25  Immortal (Chrono Boost)  
  71  21:26  Psionic Storm  
  71  21:27  Centrifical Hooks, Chitinous Plating, Combat Shields, Durable Materials, Glial Reconstitution, Infernal Pre-Igniter, Metabolic Boost, Cloaking Field, Tunneling Claws, Neosteel Frame, Corvid Reactor, Neural Parasite  
  71  21:29  Pylon  
  71  21:30  Pylon  
  72  21:33  Pylon  
  72  21:35  Burrow, Muscular Augments x2  
  67  21:48  Probe  
  67  21:49  Caduceus Reactor, Pathogen Glands, Gravitic Drive, Graviton Catapult, Moebius Reactor, Hi-Sec Auto Tracking, Observer Gravitic Boosters, Behemoth Reactor  
  67  21:50  Probe  
  67  21:53  Adept x5  
  79  21:57  Probe  
  79  21:59  Probe  
  81  22:02  Probe  
  81  22:03  Pneumatized Carapace, Concussive Shells, Weapon Refit  
  81  22:07  Probe  
  81  22:08  Immortal (Chrono Boost)  
  86  22:09  Probe  
  88  22:16  Probe  
  88  22:18  Probe  
  90  22:22  Adept  
  90  22:23  Adept x2, Zealot x5  
  90  22:28  Probe  
  106  22:30  Probe  
  106  22:32  Probe  
  106  22:36  Assimilator  
  109  22:41  Pylon, Assimilator  
  109  22:43  Pylon  
  111  22:46  Unknown x5  
    23:23  Probe x12  
    23:35  Probe, Unknown  
  13  23:45  Probe  
  14  23:52  Pylon  
  14  23:56  Probe  
  15  24:09  Probe  
  15  24:12  Gateway  
  16  24:19  Probe  
  16  24:22  Assimilator  
  17  24:30  Probe  
  18  24:40  Probe  
  19  24:51  Probe  
  19  24:57  Nexus  
  20  25:02  Probe  
  20  25:05  Assimilator  
  21  25:11  Pylon  
  21  25:14  Probe  
  22  25:25  Probe  
  22  25:28  Cybernetics Core  
  23  25:35  Probe  
  24  25:46  Probe  
  25  25:56  Probe  
  26  26:05  Adept (Chrono Boost), Warp Gate (Chrono Boost)  
  26  26:06  Mothership Core  
  26  26:08  Probe  
  31  26:16  Robotics Facility  
  31  26:19  Probe  
  32  26:27  Probe  
  32  26:29  Probe  
  34  26:34  Sentry (Chrono Boost)  
  34  26:39  Probe  
  37  26:41  Probe  
  38  26:47  Nexus  
  38  26:51  Probe  
  38  26:52  Probe  
  40  26:55  Pylon  
  42  27:01  Sentry (Chrono Boost)  
  42  27:04  Probe x2, Pylon  
  44  27:13  Warp Prism  
  46  27:15  Probe  
  46  27:16  Probe  
  48  27:28  Sentry (Chrono Boost), Probe  
  51  27:30  Probe  
  52  27:37  Gateway  
  52  27:41  Probe  
  52  27:42  Gateway x2  
  52  27:43  Probe  
  53  27:53  Probe  
  53  28:00  Probe  
  53  28:05  Observer  
  55  28:06  Gateway  
  55  28:07  Probe, Gateway  
  55  28:11  Probe  
  51  28:19  Probe  
  50  28:20  Assimilator  
  50  28:21  Probe  
  50  28:22  Assimilator  
  50  28:23  Pylon  
  50  28:25  Zerg Flyer Weapons Level 3, Zerg Flyer Armor Level 3, Zerg Melee Weapons Level 3, Protoss Ground Weapons Level 3, Zerg Ground Armor Level 3, Terran Vehicle Armor Level 3, Protoss Shields Level 3, Terran Infantry Weapons Level 3, Terran Infantry Armor Level 3, Protoss Ground Armor Level 3, Zerg Missile Weapons Level 3, Terran Vehicle Weapons Level 3, Terran Ship Armor Level 3, Terran Ship Weapons Level 3  
  51  28:31  Probe  
  52  28:35  Probe  
  52  28:39  Gateway  
  53  28:43  Sentry  
  53  28:44  Sentry x3  
  53  28:46  Terran Ship Armor Level 2, Protoss Shields Level 2, Protoss Ground Weapons Level 2, Terran Vehicle Weapons Level 2, Terran Ship Weapons Level 2, Terran Infantry Weapons Level 2, Protoss Ground Armor Level 2, Zerg Ground Armor Level 2, Zerg Missile Weapons Level 2, Zerg Melee Weapons Level 2, Zerg Flyer Armor Level 2, Terran Infantry Armor Level 2, Terran Vehicle Armor Level 2, Zerg Flyer Weapons Level 2  
  53  28:48  Protoss Air Armor Level 3 (Chrono Boost), Pylon, Protoss Air Weapons Level 3 (Chrono Boost)  
  61  29:01  Stimpack, Blink  
  61  29:06  Protoss Air Armor Level 2 (Chrono Boost), Protoss Air Weapons Level 2 (Chrono Boost)  
  61  29:08  Terran Infantry Armor Level 1, Protoss Ground Weapons Level 1, Terran Infantry Weapons Level 1, Protoss Shields Level 1, Protoss Ground Armor Level 1, Terran Ship Weapons Level 1, Terran Ship Armor Level 1, Zerg Missile Weapons Level 1, Zerg Flyer Weapons Level 1, Zerg Melee Weapons Level 1, Zerg Flyer Armor Level 1, Zerg Ground Armor Level 1, Terran Vehicle Armor Level 1, Terran Vehicle Weapons Level 1  
  59  29:10  Pylon x2  
  59  29:11  Probe  
  59  29:12  Pylon  
  59  29:13  Probe  
  61  29:19  Sentry x2  
  61  29:20  Stalker x2  
  61  29:22  Extended Thermal Lance, Building Armor, Charge  
  69  29:25  Protoss Air Armor Level 1 (Chrono Boost), Pylon, Protoss Air Weapons Level 1 (Chrono Boost), Warp Gate (Chrono Boost)  
  69  29:26  Pylon  
  69  29:29  Ventral Sacs, Adrenal Glands  
  69  29:32  Gateway  
  69  29:35  Enduring Locusts  
  69  29:36  Personal Cloaking, Gateway  
  69  29:39  Gateway  
  69  29:41  Sentry  
  69  29:42  Psionic Storm  
  69  29:43  Centrifical Hooks, Chitinous Plating, Combat Shields, Durable Materials, Glial Reconstitution, Infernal Pre-Igniter, Metabolic Boost, Cloaking Field, Tunneling Claws, Neosteel Frame, Corvid Reactor, Neural Parasite  
  69  29:46  Sentry, Stalker  
  69  29:47  Stalker, Adept x3  
  69  29:51  Burrow, Pylon, Muscular Augments x2  
  81  29:56  Pylon  
  81  29:58  Pylon  
  81  30:04  Stalker  
  81  30:05  Caduceus Reactor, Pathogen Glands, Gravitic Drive, Graviton Catapult, Moebius Reactor, Hi-Sec Auto Tracking, Observer Gravitic Boosters, Behemoth Reactor  
  83  30:08  Stalker  
  83  30:09  Stalker x2  
  83  30:11  Stalker  
  83  30:12  Stalker  
  83  30:13  Stalker  
  95  30:19  Pneumatized Carapace, Concussive Shells, Weapon Refit  
  95  30:39  Adept x2  
  95  30:40  Adept x6  
  111  31:02  Unknown x5  
    31:22  Probe x12  
    31:34  Probe  
    31:35  Unknown  
  13  31:45  Probe  
  14  31:54  Pylon  
  14  31:56  Probe  
  15  32:10  Probe  
  15  32:12  Gateway  
  16  32:19  Assimilator  
  16  32:21  Probe  
  17  32:32  Probe  
  18  32:42  Probe  
  19  32:53  Probe  
  19  32:57  Nexus  
  20  33:03  Probe  
  21  33:07  Assimilator  
  21  33:11  Pylon  
  21  33:14  Probe  
  22  33:20  Zerg Flyer Weapons Level 3, Zerg Flyer Armor Level 3, Zerg Melee Weapons Level 3, Protoss Ground Weapons Level 3, Zerg Ground Armor Level 3, Terran Vehicle Armor Level 3, Protoss Shields Level 3, Terran Infantry Weapons Level 3, Terran Infantry Armor Level 3, Protoss Ground Armor Level 3, Zerg Missile Weapons Level 3, Terran Vehicle Weapons Level 3, Terran Ship Armor Level 3, Terran Ship Weapons Level 3  
  22  33:24  Probe  
  23  33:27  Protoss Air Armor Level 3 (Chrono Boost), Protoss Air Weapons Level 3 (Chrono Boost)  
  23  33:34  Cybernetics Core  
  23  33:36  Probe  
  23  33:41  Terran Ship Armor Level 2, Protoss Shields Level 2, Protoss Ground Weapons Level 2, Terran Vehicle Weapons Level 2, Terran Ship Weapons Level 2, Terran Infantry Weapons Level 2, Protoss Ground Armor Level 2, Zerg Ground Armor Level 2, Zerg Missile Weapons Level 2, Zerg Melee Weapons Level 2, Zerg Flyer Armor Level 2, Terran Infantry Armor Level 2, Terran Vehicle Armor Level 2, Zerg Flyer Weapons Level 2  
  24  33:45  Protoss Air Armor Level 2 (Chrono Boost), Protoss Air Weapons Level 2 (Chrono Boost)  
  24  33:47  Probe  
  25  33:56  Stimpack, Blink  
  25  33:57  Probe  
  26  34:03  Terran Infantry Armor Level 1, Protoss Ground Weapons Level 1, Terran Infantry Weapons Level 1, Protoss Shields Level 1, Protoss Ground Armor Level 1, Terran Ship Weapons Level 1, Terran Ship Armor Level 1, Zerg Missile Weapons Level 1, Zerg Flyer Weapons Level 1, Zerg Melee Weapons Level 1, Zerg Flyer Armor Level 1, Zerg Ground Armor Level 1, Terran Vehicle Armor Level 1, Terran Vehicle Weapons Level 1  
  26  34:04  Protoss Air Armor Level 1 (Chrono Boost), Protoss Air Weapons Level 1 (Chrono Boost), Warp Gate (Chrono Boost)  
  26  34:08  Mothership Core  
  26  34:10  Probe  
  26  34:12  Adept (Chrono Boost)  
  26  34:17  Extended Thermal Lance, Building Armor, Charge  
  31  34:22  Probe (Chrono Boost)  
  31  34:24  Nexus, Ventral Sacs, Adrenal Glands  
  32  34:29  Probe (Chrono Boost)  
  32  34:30  Enduring Locusts  
  32  34:31  Personal Cloaking  
  33  34:33  Sentry (Chrono Boost)  
  33  34:34  Probe (Chrono Boost)  
  33  34:37  Psionic Storm, Pylon  
  33  34:38  Centrifical Hooks, Chitinous Plating, Combat Shields, Durable Materials, Glial Reconstitution, Infernal Pre-Igniter, Metabolic Boost, Cloaking Field, Tunneling Claws, Neosteel Frame, Corvid Reactor, Neural Parasite  
  36  34:44  Probe (Chrono Boost)  
  36  34:45  Probe (Chrono Boost)  
  38  34:46  Burrow, Muscular Augments x2  
  38  34:49  Pylon  
  38  34:55  Sentry  
  38  34:56  Probe (Chrono Boost)  
  38  34:57  Pylon  
  38  34:59  Probe (Chrono Boost)  
  42  35:00  Caduceus Reactor, Pathogen Glands, Gravitic Drive, Graviton Catapult, Moebius Reactor, Hi-Sec Auto Tracking, Observer Gravitic Boosters, Behemoth Reactor  
  42  35:04  Pylon  
  43  35:08  Probe (Chrono Boost)  
  43  35:10  Probe (Chrono Boost)  
  43  35:14  Pneumatized Carapace, Concussive Shells, Weapon Refit  
  44  35:18  Sentry  
  44  35:20  Probe x2 (Chrono Boost)  
  47  35:31  Probe (Chrono Boost)  
  47  35:32  Probe (Chrono Boost)  
  49  35:41  Probe (Chrono Boost)  
  50  35:44  Robotics Facility  
  53  35:57  Unknown x5  
Tags
 
Add a new tag
Caveats
  • Supply blocks, unpowered buildings, or Contaminate may cause inaccurate times.
  • Supply counts are checked every 10 seconds.